 Dungeon Crawl Stone Soup version 0.29.0-13-gc9e81de378 (webtiles) character file.

Game seed: 5388409244105219972

1880 groovy9 the Cleaver (level 8, -15/64 HPs)
             Began as a Minotaur Fighter on Sept 9, 2022.
             Demolished by a tentacled starspawn (29 damage)
             ... created by the touch of Lugonu
             ... on level 7 of the Dungeon.
             The game lasted 00:26:24 (6780 turns).

groovy9 the Cleaver (Minotaur Fighter)              Turns: 6780, Time: 00:26:24

Health: -15/64     AC: 13    Str: 23      XL:     8   Next: 91%
Magic:  7/7        EV:  7    Int:  4 (5)  God:
Gold:   122        SH:  9    Dex:  9 (10) Spells: 7/7 levels left

rFire   + . .      SeeInvis +   a - +2 war axe (vamp)
rCold   . . .      Faith    .   c - +0 buckler
rNeg    . . .      Spirit   .   v - +4 chain mail {rPois}
rPois   +          Reflect  +   (helmet restricted)
rElec   .          Harm     .   (no cloak)
rCorr   .          Rampage  .   (no gloves)
Will    .....                   (no boots)
Stlth   ..........              y - amulet of reflection
HPRegen 0.20/turn               h - ring of see invisible
MPRegen 0.10/turn               o - ring of protection from fire

@: hasted, very quick
A: horns 2, retaliatory headbutt
a: no special abilities


You were on level 7 of the Dungeon.
You visited 2 branches of the dungeon, and saw 8 of its levels.
You also visited: Sewer.

You collected 294 gold pieces.
You spent 172 gold pieces at shops.

Inventory:

Hand Weapons
 a - a +2 vampiric war axe (weapon)
 b - a +2 sling of freezing
Missiles
 g - 59 stones (quivered)
 j - 3 boomerangs of dispersal
 p - 9 boomerangs
 w - 5 javelins
Armour
 c - a +0 buckler (worn)
 m - a +0 scale mail
 v - a +4 chain mail of poison resistance (worn)
Jewellery
 h - a ring of see invisible (left hand)
 l - an amulet of the acrobat
 o - a ring of protection from fire (right hand)
 y - an amulet of reflection (around neck)
 A - a ring of flight
Wands
 d - a wand of flame (15)
 u - a wand of iceblast (8)
Scrolls
 e - 2 scrolls of brand weapon
 i - a scroll of amnesia
 t - a scroll of silence
Potions
 k - a potion of haste
 q - a potion of berserk rage
 r - a potion of curing
 s - a potion of might
 x - a potion of flight


   Skills:
 - Level 3.6 Fighting
 + Level 13.8 Axes
 - Level 3.6 Armour
 - Level 3.6 Shields


You had 7 spell levels left.
You didn't know any spells.
Your spell library was empty.

Dungeon Overview and Level Annotations

Branches:
Dungeon (7/15)             Temple (1/1) D:4           Sewer (visited)

Altars:
Ashenzari
Cheibriados
Dithmenos
Elyvilon
Gozag
Hepliaklqana
Nemelex Xobeh
Qazlal
Ru
Sif Muna
Trog
Uskayaw
Vehumet
Wu Jian
Xom
Yredelemnul
Zin
The Shining One
Lugonu

Shops:
D:4 *   D:5 ([(=


Innate Abilities, Weirdness & Mutations

You have a pair of horns on your head.
You reflexively headbutt those who attack you in melee.


Message History

You kill the bullfrog!
You block the acid dragon's attack.
The acid dragon claws you but does no damage.
The tentacled starspawn completely misses you.
You block the tentacled starspawn's attack.
You feel your strength returning.
You hit the tentacled starspawn.
You headbutt the tentacled starspawn, but do no damage.
The tentacled starspawn is heavily damaged.
You hit the starspawn tentacle.
You hit the starspawn tentacle but do no damage.
You barely miss the acid dragon.
You block the starspawn tentacle's attack.
The starspawn tentacle grabs you. The starspawn tentacle constricts you.
You block the acid dragon's attack.
The acid dragon claws you but does no damage.
You completely miss the tentacled starspawn.
The starspawn tentacle loses its grip on you.
The tentacled starspawn is heavily damaged.
You hit the starspawn tentacle. x2
You hit the acid dragon but do no damage.
You block the tentacled starspawn's attack.
The tentacled starspawn tentacle-slaps you!
* * * LOW HITPOINT WARNING * * *
You block the starspawn tentacle's attack.
The starspawn tentacle grabs you. The starspawn tentacle constricts you.
You hit the tentacled starspawn.
The starspawn tentacle loses its grip on you.
The tentacled starspawn is severely damaged.
You closely miss the acid dragon. You hit the starspawn tentacle.
You hit the starspawn tentacle but do no damage.
The acid dragon barely misses you.
The acid dragon claws you but does no damage.
You barely miss the tentacled starspawn.
You headbutt the tentacled starspawn!
The tentacled starspawn is almost destroyed.
You completely miss the acid dragon.
You hit the starspawn tentacle but do no damage. x2
The tentacled starspawn bites you!!
You die...

##.....##
........##
.........##
..........
.........#
.........#
......D..#
......†@w#
......wX##
........#
...(...##
......#
......
######


You could see a tentacled starspawn, an acid dragon and 2 starspawn tentacles.

Vanquished Creatures
  A water moccasin (D:4)
  An ice beast (D:4)
  3 ogres
  A centaur (D:6)
  A phantom (D:5)
  A kobold brigand (D:6)
  A bullfrog (D:7)
  2 necrophages (D:6)
  4 wights (D:7)
  5 electric eels (D:6)
  4 hounds
  3 orc priests
  2 jellies
  An iguana (D:6)
  An orc wizard (D:4)
  A hell rat (Sewer)
  6 gnolls
  7 adders
  A shadow imp (D:5)
  2 white imps (D:5)
  6 worms
  3 dart slugs
  13 orcs
  6 bats
  6 endoplasms
  3 giant cockroaches
  4 goblins
  7 hobgoblins
  20 jackals
  2 quokkas (D:4)
  10 ball pythons
  3 frilled lizards
  11 kobolds
  10 rats
  A butterfly (D:4)
153 creatures vanquished.

Vanquished Creatures (others)
  An ufetubus (D:6)
  A fungus (D:5)
  18 plants (D:6)
20 creatures vanquished.

Grand Total: 173 creatures vanquished

Notes
Turn   | Place    | Note
-------+----------+-------------------------------------------
     0 | D:1      | groovy9 the Minotaur Fighter began the quest for the Orb.
     0 | D:1      | Reached XP level 1. HP: 19/19 MP: 0/0
   214 | D:1      | Reached skill level 3 in Axes
   218 | D:1      | Reached XP level 2. HP: 24/26 MP: 1/1
   563 | D:1      | Reached skill level 4 in Axes
  1002 | D:1      | Found a faded altar of an unknown god.
  1075 | D:1      | Prayed at the altar of an unknown god.
  1075 | D:1      | Became a worshipper of Lugonu the Unformed
  1075 | D:1      | Reached * piety under Lugonu
  1075 | D:1      | Reached ** piety under Lugonu
  1216 | D:1      | Reached XP level 3. HP: 31/31 MP: 2/2
  1339 | D:2      | Reached skill level 5 in Axes
  1436 | D:2      | Reached XP level 4. HP: 39/39 MP: 3/3
  1456 | D:2      | Reached *** piety under Lugonu
  2354 | D:3      | Reached skill level 6 in Axes
  2941 | D:4      | Noticed a water moccasin
  2942 | D:4      | Found a staircase to the Ecumenical Temple.
  2947 | D:4      | Noticed an ice beast
  2950 | D:4      | Reached XP level 5. HP: 38/45 MP: 4/4
  2955 | D:4      | Killed a water moccasin
  2956 | D:4      | Reached skill level 7 in Axes
  2959 | D:4      | Killed an ice beast
  2960 | D:4      | Reached skill level 8 in Axes
  2960 | D:4      | Reached XP level 6. HP: 51/51 MP: 5/5
  3060 | D:4      | Found a broken altar of Ashenzari.
  3181 | D:4      | Found a glowing drain.
  3204 | Sewer    | Entered a sewer
  3250 | Sewer    | Reached skill level 9 in Axes
  3831 | D:4      | Found Hofenn's General Store.
  4020 | D:5      | Entered Level 5 of the Dungeon
  4020 | D:5      | Found Juafiloh's Jewellery Shoppe.
  4064 | D:5      | Reached **** piety under Lugonu
  4065 | D:5      | Reached XP level 7. HP: 57/57 MP: 6/6
  4158 | D:5      | Reached skill level 10 in Axes
  4262 | D:5      | Found Zaazaa's Antique Armour Boutique.
  4278 | D:5      | Bought a shiny chain mail for 172 gold pieces
  4385 | D:5      | Found Acyita's Antique Weapon Emporium.
  4636 | D:5      | Found Joug Kucw's Weapon Shop.
  5037 | D:6      | Reached skill level 11 in Axes
  5086 | D:6      | Reached XP level 8. HP: 61/64 MP: 7/7
  5483 | D:6      | Reached skill level 12 in Axes
  5814 | D:6      | Reached skill level 13 in Axes
  5856 | D:6      | Found a white marble altar of Elyvilon.
  5925 | D:6      | Fell from the grace of Lugonu
  5925 | D:6      | Became a worshipper of Elyvilon the Healer
  5927 | D:6      | Fell from the grace of Elyvilon
  6161 | Temple   | Entered the Ecumenical Temple
  6278 | Temple   | Became a worshipper of the Shining One
  6594 | D:7      | Fell from the grace of the Shining One
  6722 | D:7      | Noticed an ancient zyme
  6722 | D:7      | Noticed a large abomination
  6769 | D:7      | Noticed a tentacled starspawn
  6773 | D:7      | HP: 2/64 [constriction[the touch of Lugonu] (2)]
  6780 | D:7      | Demolished by a tentacled starspawn

Illustrated notes

Levels and vault maps discovered:
D:1:      dpeg_arrival_solitude, layout_loops_ring,
          shapermc_ecumenical_altar_petra
D:2:      layout_loops_ring, minmay_hexomino_u4
D:3:      layout_basic, hangedman_abyss_or_decor_lesser_grid
D:4:      layout_basic, mainiacjoe_overflow_tiny_flanked,
          minmay_temple_entry_butterflies, cheibrodos_sewer_entry_bend,
          serial_shops, kennysheep_mini
D:5:      layout_basic, serial_shops, nicolae_lakefront_shop,
          nicolae_shop_statue_plus, nicolae_stop_n_shop_2, shop,
          dreamdust_gnoll_farm
D:6:      layout_gridville, nicolae_elyvilon_peaceful_grove, serial_bayou,
          serial_bayou_crossing, serial_bayou_shore_b, serial_bayou_lagoon_a,
          serial_bayou_pond_a
D:7:      wad_crossroads, layout_cave_pods, mainiacjoe_overflow_brackets,
          enter_bailey_6, glass_columns_a, hangedman_decor_riveting
Temple:   lightli_temple_of_artemis

Skill      XL: |  1  2  3  4  5  6  7  8 |
---------------+-------------------------+-----
Axes           | 3 4 5 6 8 9 11 13 | 13.8
Fighting       | |  3.6
Armour         | |  3.6
Shields        | |  3.6

Action                   |  1- 3 |  4- 6 |  7- 9 || total
-------------------------+-------+-------+-------++-------
Melee: War axe           |    73 |   160 |   124 ||   357
       Headbutt          |     7 |    21 |    27 ||    55
Invok: Bend Space        |       |     1 |       ||     1
       Renounce Religion |       |       |     2 ||     2
  Use: Potion            |     2 |     6 |     4 ||    12
       Scroll            |     1 |    11 |     3 ||    15
Armor: Scale mail        |    35 |    46 |     1 ||    82
       Chain mail        |       |       |    34 ||    34
Dodge: Dodged            |    34 |    61 |    29 ||   124
Block: Buckler           |    16 |    29 |    36 ||    81
